 Dungeon Crawl Stone Soup version 0.20-a0-984-ge8aa303 (console) character file.

214 nht the Ruffian (level 5, -4/45 HPs)
             Began as an Ogre Skald on Apr 10, 2017.
             Was an Initiate of Hepliaklqana.
             Killed by divine providence
             ... invoked by an orc priest
              (11 damage)
             ... on level 3 of the Dungeon.
             The game lasted 00:04:55 (2801 turns).

nht the Ruffian (Ogre Skald)                        Turns: 2801, Time: 00:04:56

Health: -4/45      AC:  4    Str: 15    XL:     5   Next: 91%
Magic:  8/8        EV: 10    Int: 15    God:    Hepliaklqana [......]
Gold:   130        SH:  0    Dex:  8    Spells: 7/8 levels left

rFire    + . .     SeeInvis .     - Unarmed
rCold    . . .     Gourm    .   (no shield)
rNeg     . . .     Faith    .   a - +1 robe
rPois    .         Spirit   .   (helmet restricted)
rElec    .         Reflect  .   (no cloak)
rCorr    .         Harm     .   (gloves unavailable)
MR       .....     Rnd*Tele +   (boots unavailable)
Stlth    +.........             (no amulet)
Regen    0.2/turn               h - ring of protection from fire
MPRegen  0.2/turn               o - ring of teleportation (curse)

@: confused, infused (expiring)
A: unfitting armour, reduced essence, tough skin 1
a: Recall Ancestor, Ancestor Identity, Renounce Religion


You were on level 3 of the Dungeon.
You worshipped Hepliaklqana.
Hepliaklqana was noncommittal.
You were not hungry.

You visited 1 branch of the dungeon, and saw 3 of its levels.

You collected 130 gold pieces.

Inventory:

Missiles
 e - 8 tomahawks (quivered)
 n - a large rock
Armour
 a - a +1 robe (worn)
Jewellery
 h - a ring of protection from fire (left hand)
 o - a cursed ring of teleportation (right hand)
Wands
 i - a wand of random effects (0/48)
Scrolls
 f - 2 scrolls of identify
 g - 2 scrolls of teleportation
Potions
 d - a potion of lignification
 l - a potion of curing
 q - a potion of brilliance
Books
 b - a book of Battle

   Spells                             Type                      Level
   a - Infusion                       Charms                       1
   b - Shroud of Golubria             Charms/Translocation         2
   c - Song of Slaying                Charms                       2
   d - Spectral Weapon                Hexes/Charms                 3
   e - Regeneration                   Charms/Necromancy            3
Comestibles
 c - 5 bread rations
 j - 2 royal jellies
 k - 13 chunks of flesh
 m - a meat ration


   Skills:
 - Level 2.6 Fighting
 - Level 2.1 Dodging
 + Level 5.4 Unarmed Combat
 - Level 2.4 Spellcasting
 - Level 2.6 Charms


You had 7 spell levels left.
You knew the following spells:

 Your Spells              Type           Power        Failure   Level  Hunger
a - Infusion              Chrm           #...         10%         1    #......


Dungeon Overview and Level Annotations

Branches:
Dungeon (3/15)

Altars:
Elyvilon
Hepliaklqana
Kikubaaqudgha
Qazlal

Annotations:
D:3 1 runed door


Innate Abilities, Weirdness & Mutations

You are too large for most types of armour.
You have tough skin. (AC +1)
Your life essence is reduced. (-10% HP)


Message History

The orc wizard seems to speed up.
The orc priest mumbles some strange prayers to Beogh against you.
Beogh smites you!
* * * LOW HITPOINT WARNING * * *
The orc wizard gestures at you while chanting.
The magic dart hits you!
* * * LOW HITPOINT WARNING * * *
Djefatnebti hits the orc wizard.
The orc priest looks encouraged for a moment.
Your magical infusion is running out.
Djefatnebti misses the orc wizard.
The orc wizard points at you and mumbles some strange words.
The puff of frost misses you.
The orc wizard gestures at you while chanting.
The puff of frost hits you!
* * * LOW HITPOINT WARNING * * *
Djefatnebti completely misses the orc wizard.
The orc priest mumbles some strange prayers to Beogh against you.
Beogh smites you!
You die... ███ ..█ ███.█ ...█ █████ ███o█████

█....
█..oR...████████.███
█.█@█...............
█.....█..$████...█.██.
███.███████ █...)))██.
█. ██...█.██. █.█
██.██.... █.█


█(██████ █.█ █.█ █.█ ██'██ █.█ ██...██ You could see the friendly Djefatnebti
the ancestor, an orc priest and an orc wizard.

Vanquished Creatures
  Natasha (thrice) (D:2)
  Robin (D:3)
  5 adders
  3 oozes (D:2)
  3 dart slugs
  An orc (D:3)
  4 giant cockroaches
  8 goblins
  5 hobgoblins
  7 jackals
  2 quokkas
  8 bats
  2 frilled lizards
  5 kobolds
  8 rats
65 creatures vanquished.

Vanquished Creatures (collateral kills)
  2 goblins (D:3)
  A frilled lizard (D:3)
3 creatures vanquished.

Grand Total: 68 creatures vanquished

Notes
Turn   | Place    | Note
-------+----------+-------------------------------------------
     0 | D:1      | nht the Ogre Skald began the quest for the Orb.
     0 | D:1      | Reached XP level 1. HP: 22/22 MP: 3/3
   109 | D:1      | Reached skill level 2 in Unarmed Combat
   169 | D:1      | Reached XP level 2. HP: 26/29 MP: 0/5
   751 | D:2      | Reached skill level 3 in Unarmed Combat
   751 | D:2      | Reached XP level 3. HP: 16/36 MP: 0/6
   876 | D:2      | Noticed Natasha
   886 | D:2      | Killed Natasha
   886 | D:2      | Reached skill level 4 in Unarmed Combat
   886 | D:2      | Reached XP level 4. HP: 13/44 MP: 2/7
  1393 | D:2      | Noticed Natasha
  1407 | D:2      | Killed Natasha
  1407 | D:2      | Reached XP level 5. HP: 7/50 MP: 2/8
  1577 | D:2      | Noticed Natasha
  1591 | D:2      | Killed Natasha
  2184 | D:3      | Reached skill level 5 in Unarmed Combat
  2226 | D:3      | Found a stormy altar of Qazlal.
  2359 | D:3      | Found a white marble altar of Elyvilon.
  2364 | D:3      | Noticed an angel
  2365 | D:3      | Found a runed door.
  2414 | D:3      | Found a hazy altar of Hepliaklqana.
  2422 | D:3      | Became a worshipper of Hepliaklqana the Forgotten
  2652 | D:3      | Found an ancient bone altar of Kikubaaqudgha.
  2706 | D:3      | Noticed Robin
  2732 | D:3      | Killed Robin
  2801 | D:3      | Killed from afar by an orc priest

Vault maps used:
D:1:      scummos_arrival_forest
D:2:      minmay_hexomino_c4, uniq_natasha
D:3:      nicolae_overflow_crystal_walls, kiku_gazebo_pond_becter,
          grunt_qazlal_sundering, lemuel_angel_altar, uniq_robin

Skill      XL: |  1  2  3  4  5 |
---------------+----------------+-----
Unarmed Combat | 2 3 4 5 |  5.4
Fighting       | |  2.6
Dodging        | |  2.1
Spellcasting   | |  2.4
Charms         | |  2.6

Action                   |  1- 3 |  4- 6 || total
-------------------------+-------+-------++-------
Melee: Unarmed           |    88 |   163 ||   251
       Punch             |       |     1 ||     1
 Cast: Infusion          |    16 |    19 ||    35
Invok: Recall Ancestor   |       |     1 ||     1
Evoke: Wand              |       |     6 ||     6
  Use: Scroll            |     3 |     8 ||    11
       Potion            |     2 |     1 ||     3
  Eat: Chunk             |       |     7 ||     7
Armor: Robe              |    20 |    43 ||    63
       Skin              |    11 |       ||    11
Dodge: Dodged            |    46 |    65 ||   111
